 Dungeon Crawl Stone Soup version 0.28.0-53-g5a82cb258f (webtiles) character file.

Game seed: 8808655742944495170

560 Peloso the Slasher (level 7, -1/61 HPs)
             Began as a Minotaur Fighter on May 28, 2022.
             Slain by a water moccasin (3 damage)
             ... on level 6 of the Dungeon.
             The game lasted 00:05:54 (3454 turns).

Peloso the Slasher (Minotaur Fighter)               Turns: 3454, Time: 00:05:55

Health: -1/61      AC: 10    Str: 20    XL:     7   Next: 9%
Magic:  6/6        EV:  7    Int:  5    God:
Gold:   197        SH:  5    Dex: 12    Spells: 6/6 levels left

rFire   . . .      SeeInvis .   a - +0 long sword
rCold   . . .      Faith    .   c - +0 buckler
rNeg    . . .      Spirit   .   h - +0 chain mail
rPois   .          Reflect  .   (helmet restricted)
rElec   .          Harm     .   (no cloak)
rCorr   .          Rampage  .   (no gloves)
Will    .....                   (no boots)
Stlth   ..........              (no amulet)
HPRegen 0.20/turn               (no ring)
MPRegen 0.10/turn               (no ring)

@: mighty, lethally poisoned (-1 -> -11), attractive
A: horns 2, retaliatory headbutt
a: no special abilities


You were on level 6 of the Dungeon.
You visited 1 branch of the dungeon, and saw 4 of its levels.

You collected 197 gold pieces.

Inventory:

Hand Weapons
 a - a +0 long sword (weapon)
Armour
 b - a +0 scale mail
 c - a +0 buckler (worn)
 h - a +0 chain mail (worn)
Scrolls
 e - a scroll of blinking {unknown}
 f - 2 scrolls of magic mapping
 i - a scroll of teleportation {unknown}
 k - a scroll of enchant armour {unknown}
 m - 2 scrolls of fog {unknown}
Potions
 g - a potion of cancellation
 n - a potion of curing {unknown}


   Skills:
 + Level 5.1 Fighting
 + Level 6.1 Long Blades
 + Level 6.0 Armour
 + Level 1.3 Dodging
 + Level 4.8 Shields


You had 6 spell levels left.
You didn't know any spells.
Your spell library contained the following spells:

 Spells                   Type           Power      Damage    Failure   Level
 Call Canine Familiar     Summ           0%         N/A       100%        3
 Portal Projectile        Hex/Tloc       0%         N/A       100%        3
 Leda's Liquefaction      Hex/Erth       0%         N/A       100%        4


Dungeon Overview and Level Annotations

Branches:
Dungeon (3/15)

Altars:
Cheibriados
Makhleb
Uskayaw


Innate Abilities, Weirdness & Mutations

You have a pair of horns on your head.
You reflexively headbutt those who attack you in melee.


Message History

The orc warrior hits you with a +0 trident!
The orc warrior hits you with a +0 trident.
You barely miss the orc warrior. You headbutt the orc warrior.
The orc warrior is almost dead.
The orc warrior hits you with a +0 trident.
* * * LOW HITPOINT WARNING * * *
A water moccasin comes into view.
You barely miss the orc warrior. You headbutt the orc warrior.
You kill the orc warrior!
Your Long Blades skill increases to level 6!
Your Armour skill increases to level 6!
You have reached level 7!
You slash the orc!
You kill the orc!
You slice the orc!!
You kill the orc!
The centaur wields a +0 shortbow.
The centaur shoots an arrow.
The arrow hits you.
* * * LOW HITPOINT WARNING * * *
The water moccasin bites you but does no damage.
Items here: ))) [ †††.
You closely miss the water moccasin.
Your headbutt misses the water moccasin.
The water moccasin bites you.
* * * LOW HITPOINT WARNING * * *
You are lethally poisoned!
The water moccasin poisons you!
You miss the water moccasin.
Your headbutt misses the water moccasin.
* * * LOW HITPOINT WARNING * * *
You feel very sick.
The water moccasin bites you but does no damage.
The water moccasin bites you.
* * * LOW HITPOINT WARNING * * *
It was a potion of attraction.
You feel attractive to monsters.
* * * LOW HITPOINT WARNING * * *
You feel very sick. The water moccasin bites you.
You die...

#..##.......# #.
..<####.#### #.
#........# #.
......#.## #.
#......########.
#.......÷...>...
#####
##.....#########
......####..#.##
#..cS@)..)#.#
#.#o#####.#.# #
....# ..### ####
.#...#######
..........#####


You could see a water moccasin, a centaur and an orc.

Vanquished Creatures
  A water moccasin (D:6)
  An orc warrior (D:6)
  A bullfrog zombie (D:6)
  A jelly (D:6)
  An orc priest (D:6)
  Terence (D:2)
  Natasha (thrice) (D:2)
  An iguana (D:6)
  4 gnolls
  5 adders
  4 dart slugs
  2 orcs (D:6)
  7 endoplasms
  3 giant cockroaches (D:2)
  A hobgoblin (D:1)
  6 jackals
  5 kobolds
  3 ball pythons
  7 bats
  5 frilled lizards
  3 goblins
  5 rats
70 creatures vanquished.

Vanquished Creatures (others)
  3 toadstools (D:1)
3 creatures vanquished.

Grand Total: 73 creatures vanquished

Notes
Turn   | Place    | Note
-------+----------+-------------------------------------------
     0 | D:1      | Peloso the Minotaur Fighter began the quest for the Orb.
     0 | D:1      | Reached XP level 1. HP: 19/19 MP: 0/0
   365 | D:1      | Reached XP level 2. HP: 26/27 MP: 1/1
  1133 | D:2      | Noticed Natasha
  1137 | D:2      | Killed Natasha
  1138 | D:2      | Reached XP level 3. HP: 33/33 MP: 2/2
  1214 | D:2      | Noticed Terence
  1219 | D:2      | Killed Terence
  1220 | D:2      | Reached XP level 4. HP: 25/41 MP: 3/3
  1322 | D:2      | Noticed Natasha
  1325 | D:2      | Killed Natasha
  1375 | D:2      | Reached skill level 1 in Dodging
  1446 | D:2      | Reached XP level 5. HP: 47/47 MP: 4/4
  1482 | D:2      | Identified the +1 mace of the Dark Horse {vorpal, Int+2
                  | SInv}
  1504 | D:2      | Noticed Natasha
  1513 | D:2      | Killed Natasha
  2509 | D:3      | Found a burning altar of Makhleb.
  2612 | D:3      | Found a snail-covered altar of Cheibriados.
  2620 | D:3      | You fall into a shaft and drop 3 floors!
  2806 | D:6      | Reached skill level 5 in Long Blades
  2806 | D:6      | Reached XP level 6. HP: 36/55 MP: 5/5
  3059 | D:6      | Found a hide-covered altar of Uskayaw.
  3071 | D:6      | Reached skill level 5 in Armour
  3106 | D:6      | Noticed a water moccasin
  3117 | D:6      | Killed a water moccasin
  3118 | D:6      | Reached skill level 5 in Fighting
  3438 | D:6      | Noticed an orc warrior
  3447 | D:6      | Noticed a water moccasin
  3448 | D:6      | Killed an orc warrior
  3449 | D:6      | Reached XP level 7. HP: 17/61 MP: 6/6
  3454 | D:6      | HP: 2/61 [poisoned by a water moccasin]
  3454 | D:6      | Slain by a water moccasin

Illustrated notes

Levels and vault maps discovered:
D:1:      noname_arrival_rooms_in_the_neighbourhood, layout_basic,
          minmay_gold_behind_fungi, minmay_fountain_box
D:2:      layout_basic, minmay_pentomino_q4, uniq_terence, uniq_natasha
D:3:      layout_rooms, mainiacjoe_overflow_alcove_4, lightli_temple_of_fire,
          nicolae_overflow_crystal_walls, gammafunk_temple_overflow_wave
D:6:      layout_loops_ring, nicolae_uskayaw_murder_on_the_dancefloor

Skill      XL: |  1  2  3  4  5  6 |
---------------+-------------------+-----
Fighting       | 4 5 |  5.1
Armour         | 4 6 |  6.0
Long Blades    | 3 5 6 |  6.1
Shields        | 4 |  4.8
Dodging        | 1 |  1.3

Action                   |  1- 3 |  4- 6 |  7- 9 || total
-------------------------+-------+-------+-------++-------
Melee: Long sword        |    54 |   116 |     4 ||   174
       Headbutt          |     4 |    21 |       ||    25
  Use: Scroll            |     1 |     2 |       ||     3
       Potion            |     1 |     3 |     1 ||     5
Armor: Scale mail        |    28 |     4 |       ||    32
       Chain mail        |       |    86 |     2 ||    88
Dodge: Dodged            |    24 |    45 |       ||    69
Block: Buckler           |    14 |    23 |       ||    37
